 Dungeon Crawl Stone Soup version 0.31.0-12-g77e489cdc1 (webtiles) character file.

Game seed: 16673992667073467954

113061 cdecastro the Fetichist (level 16, 0/131 HPs)
             Began as an Armataur Warper on Mar 1, 2024.
             Was the Champion of Hepliaklqana.
             Slain by Agnes
             ... wielding a +1 spectral lajatang
              (14 damage)
             ... on level 15 of the Dungeon on Mar 2, 2024.
             The game lasted 01:24:13 (38658 turns).

cdecastro the Fetichist (Armataur Warper)          Turns: 38658, Time: 01:24:14

Health: 0/131      AC: 19    Str: 23    XL:     16   Next: 13%
Magic:  0/23       EV:  6    Int: 19    God:    Hepliaklqana [******]
Gold:   3503       SH:  0    Dex: 13    Spells: 18/18 levels left

rFire   + . .        H - +5 flail (venom)
rCold   . . .        (no shield)
rNeg    . . .        E - +0 plate armour {rF+}
rPois   .            q - +0 helmet "Ecsommin" {rCorr}
rElec   .            F - +0 cloak
rCorr   +            m - +1 pair of gloves
SInv    .            (no barding)
Will    +++..        l - amulet of guardian spirit Stlth
                     I - ring of Eternal Harmony {Will+ Int+4 Dex+3}
HPRegen 0.41/turn    V - ring of willpower
MPRegen 0.18/turn

%: guardian spirit, roll
@: about to teleport, studying Maces & Flails
A: reduced essence, large, deformed body, tough skin 3, armoured tail, roll 2
a: Renounce Religion, Recall Ancestor, Ancestor Identity, Transference, Idealise


You were on level 15 of the Dungeon.
You worshipped Hepliaklqana.
Hepliaklqana was exalted by your worship.
You visited 4 branches of the dungeon, and saw 23 of its levels.
You also visited: Ice Cave.

You collected 3693 gold pieces.
You spent 190 gold pieces at shops.

Inventory:

Hand Weapons
 b - a +2 sling of freezing
 A - a +1 demon whip of venom
 H - a +5 flail of venom (weapon)
Missiles
 d - 5 darts of dispersal
 g - 16 boomerangs
 y - 22 poisoned darts (quivered)
 C - 6 javelins
 N - 5 curare-tipped darts
Armour
 m - a +1 pair of gloves (worn)
 q - the +0 helmet "Ecsommin" (worn) {rCorr}
   (You acquired it on level 5 of the Lair of Beasts)

   rCorr:     It protects you from acid and corrosion.
 E - a +0 plate armour of fire resistance (worn)
 F - a +0 cloak (worn)
Jewellery
 l - an amulet of guardian spirit (around neck)
 n - a ring of flight
 D - a +4 ring of protection
 I - the ring of Eternal Harmony (left hand) {Will+ Int+4 Dex+3}
   (You found it in an ice cave)

   [ring of willpower]

   Int+4:     It affects your intelligence (+4).
   Dex+3:     It affects your dexterity (+3).
   Will+:     It increases your willpower.
 K - the ring of Shadows {Umbra +Inv Stlth+}
   (You found it in an ice cave)

   [ring of stealth]

   Umbra:     It surrounds you with an aura of shadow, increasing your stealth
   and reducing the accuracy of all others within it.
   +Inv:      It lets you turn invisible.
   Stlth+:    It makes you more stealthy.
 M - a ring of wizardry
 S - the ring "Guel" {rPois rCorr Int-2 Dex+6}
   (You found it in an ice cave)

   [ring of dexterity]

   Int-2:     It affects your intelligence (-2).
   Dex+6:     It affects your dexterity (+6).
   rPois:     It protects you from poison rCorr: It protects you from acid and
   corrosion.
 V - a ring of willpower (right hand)
 X - a ring of wizardry
 Y - a ring of positive energy
 Z - a ring of fire
Wands
 a - a wand of mindburst (30)
 j - a wand of charming (4)
 w - a wand of polymorph (17)
 J - a wand of light (5)
 P - a wand of flame (56)
 T - a wand of iceblast (11)
Scrolls
 c - 3 scrolls of blinking
 k - 6 scrolls of teleportation
 p - 3 scrolls of fear
 t - 6 scrolls of fog
 u - 2 scrolls of enchant weapon
 z - 2 scrolls of poison {unknown}
 B - 2 scrolls of silence {unknown}
 G - 2 scrolls of enchant armour {unknown}
 Q - 3 scrolls of revelation
 R - 2 scrolls of immolation
Potions
 e - 7 potions of curing
 f - a potion of might
 h - 2 potions of invisibility
 i - 9 potions of brilliance
 o - 3 potions of attraction
 s - 2 potions of heal wounds
 v - 2 potions of resistance
 x - 3 potions of enlightenment
 L - a potion of berserk rage
 O - 8 potions of mutation
 U - 4 potions of haste
 W - 3 potions of lignification


   Skills:
 - Level 14.0 Fighting
 + Level 14.8 Maces & Flails
 - Level 0.8 Throwing
 - Level 12.1 Armour
 - Level 1.3 Dodging
 - Level 1.7 Spellcasting
 - Level 3.0 Translocations
 - Level 10.0 Invocations
 - Level 15.0 Evocations


You had 18 spell levels left.
You didn't know any spells.
Your spell library contained the following spells:

 Spells                   Type           Power      Damage    Failure   Level
 Blink                    Tloc           26%        N/A       63%         2
 Lesser Beckoning         Tloc           26%        N/A       63%         2
 Momentum Strike          Conj/Tloc      14%        3d8       83%         2
 Teleport Other           Tloc           13%        N/A       85%         3
 Freeze                   Ice            4%         1d3       88%         1
 Magic Dart               Conj           4%         1d3       88%         1
 Slow                     Hex            4%         N/A       88%         1
 Sting                    Conj/Alch      4%         1d3       88%         1
 Mercury Vapours          Alch/Air       2%         N/A       95%         2
 Searing Ray              Conj           2%         2d4       95%         2
 Volatile Blastmotes      Fire/Tloc      14%        2d11      96%         3
 Call Canine Familiar     Summ           1%         N/A       99%         3
 Confusing Touch          Hex            1%         N/A       99%         3
 Dazzling Flash           Conj/Hex       2%         N/A       99%         3
 Frozen Ramparts          Ice            2%         1d1       99%         3
 Fugue of the Fallen      Necr           1%         N/A       99%         3
 Hailstorm                Conj/Ice       1%         3d5       99%         3
 Ozocubu's Armour         Ice            1%         N/A       99%         3
 Sigil of Binding         Hex            1%         N/A       99%         3
 Vampiric Draining        Necr           1%         2d6       99%         3
 Manifold Assault         Tloc           13%        N/A       99%         4
 Dimensional Bullseye     Hex/Tloc       3%         N/A       100%        4
 Fulminant Prism          Conj/Alch      0%         3d5       100%        4
 Leda's Liquefaction      Alch/Erth      0%         N/A       100%        4
 Olgreb's Toxic Radiance  Alch           1%         N/A       100%        4
 Petrify                  Alch/Erth      1%         N/A       100%        4
 Sticky Flame             Fire/Alch      1%         2d4       100%        4
 Vhi's Electric Charge    Tloc/Air       14%        N/A       100%        4
 Arcjolt                  Conj/Air       0%         1d10      100%        5
 Iskenderun's Battlesphe  Conj           1%         2d6       100%        5
 Metabolic Englaciation   Hex/Ice        0%         N/A       100%        5
 Summon Forest            Summ/Tloc      3%         N/A       100%        5
 Summon Mana Viper        Hex/Summ       1%         N/A       100%        5
 Bombard                  Conj/Erth      0%         9d1       100%        6
 Eringya's Noxious Bog    Alch           0%         4d6       100%        6
 Plasma Beam              Fire/Air       0%         2x1d10    100%        6
 Sculpt Simulacrum        Ice/Alch       0%         N/A       100%        6
 Starburst                Conj/Fire      0%         6d3       100%        6
 Summon Cactus Giant      Summ           0%         N/A       100%        6
 Haunt                    Necr/Summ      0%         N/A       100%        7
 Spellforged Servitor     Conj/Summ      0%         N/A       100%        7
 Summon Hydra             Summ           0%         N/A       100%        7
 Borgnjor's Revivificati  Necr           0%         N/A       100%        8
 Maxwell's Capacitive Co  Air            0%         ∞         100%        8
 Death's Door             Necr           0%         N/A       100%        9


Dungeon Overview and Level Annotations

Branches:
Dungeon (15/15)            Temple (1/1) D:7            Lair (5/5) D:11
 Shoals (0/4) Lair:2        Snake (0/4) Lair:3        Slime (0/5) Lair:4
    Orc (2/2) D:12            Elf (0/3) Orc:2        Vaults (0/5) D:13
  IceCv (visited)
 Depths: D:15

Altars:
Ashenzari
Cheibriados
Dithmenos
Elyvilon
Fedhas
Gozag
Hepliaklqana
Kikubaaqudgha
Makhleb
Nemelex Xobeh
Okawaru
Qazlal
Ru
Sif Muna
Trog
Uskayaw
Vehumet
Wu Jian
Xom
Yredelemnul
Zin
The Shining One
Jiyva

Shops:
D:5 *   D:6 !   D:10 *   Orc:2 :*[

Annotations:
D:14 3 runed translucent doors, Qymaymp's ghost, adept GrEE
D:15 Agnes
Orc:2 Rupert


Innate Abilities, Weirdness & Mutations

Your life essence is reduced to manifest your ancestor. (-10% HP)
Armour fits poorly on your strangely shaped body.
You have extremely tough skin. (AC +3)
You have a long armoured tail.
You regenerate magic and health when rolling toward enemies. (Rampage Regen)


Message History

Amurritum is fully restored!
Agnes hits Amurritum with a +1 spectral lajatang!
Amurritum closely misses Agnes.
Agnes hits Amurritum with a +1 spectral lajatang!!
Unknown command.
Agnes throws a poisoned dart.
The poisoned dart hits Amurritum!
Amurritum closely misses Agnes.
Agnes hits Amurritum with a +1 spectral lajatang!!
Amurritum is destroyed!
Agnes throws a poisoned dart.
The poisoned dart hits you!
You are poisoned.
You feel sick.
You feel sick.
You feel sick.
You feel sick.
You feel sick.
You feel sick.
You feel sick.
You are no longer poisoned.
As you read the scroll of fear, it crumbles to dust.
You assume a fearsome visage.
Agnes resists with almost no effort.
Agnes hits you with a +1 spectral lajatang!
The +1 spectral lajatang hits you! Agnes barely misses you.
The +1 spectral lajatang hits you!
A +1 spectral lajatang comes into view.
As you read the scroll of teleportation, it crumbles to dust.
You feel strangely unstable.
Agnes hits you with a +1 spectral lajatang.
The +1 spectral lajatang hits you.
Agnes hits you with a +1 spectral lajatang!!
* * * LOW HITPOINT WARNING * * *
The +1 spectral lajatang hits you but does no damage.
Agnes attacks as she pursues you!
Agnes hits you with a +1 spectral lajatang!!
* * * LOW HITPOINT WARNING * * *
The +1 spectral lajatang hits you!
* * * LOW HITPOINT WARNING * * *
Agnes hits you with a +1 spectral lajatang!
You die...
Agnes says, "May you follow the Path of Peace in your next life."

...........#.#...#
...........#.<...#
...........#.....#
....##.....#.....#########
....##.....###.).........#######
.............#.#.....#...'.....#
.............#.#.....#...#.....#
.............#.#(........#.....#
######..#'####<)@i.......###'###
...###..#.....########.........#
...+....#.##..# #..#####..#
#..#....#.##..# #..#####..#
#..#....#.##..# #i........#
...#....'.##..# #.........#
...#....#.##..# #.........#
...######.....# #.#####...#
#########.....# #.# #...#


You could see Agnes and a +1 spectral lajatang.

Vanquished Creatures
  A dire elephant (Lair:5)
  Josephine (Orc:2)
  2 vault guards (D:13)
  Harold (D:9)
  6 hydras
  A death knight (D:15)
  3 boulder beetles
  2 ogre magi
  2 centaur warriors
  5 two-headed ogres
  6 death yaks
  An orc high priest (Orc:2)
  Amaemon (D:11)
  5 skeletal warriors
  A skyshark (Lair:4)
  A deep elf archer (D:13)
  An arcanist (D:15)
  A wolf spider zombie (D:13)
  3 deep elf pyromancers
  3 orc sorcerers
  3 ugly things
  4 orc knights
  2 cyclopes
  2 manticores
  2 meliai (D:12)
  12 elephants
  6 centaur zombies (D:13)
  2 ice statues (IceCv)
  2 kobold blastminers
  A black mamba (Lair:5)
  A gargoyle (D:11)
  5 cane toads
  2 torpor snails
  An orange demon (D:11)
  2 yaktaurs
  5 rime drakes
  8 komodo dragons
  Prince Ribbit (D:6)
  2 hornets
  3 trolls
  Grinder (D:5)
  4 blink frogs
  2 shadows (D:12)
  7 slime creatures
  A vampire (D:13)
  5 wraiths
  A wyvern (D:9)
  A basilisk (Lair:4)
  55 yaks
  6 vampire mosquitoes
  A warg (Orc:2)
  A naga (Lair:3)
  14 water moccasins
  Duvessa (D:6)
  2 ice beasts (D:6)
  3 sky beasts
  9 orc warriors
  2 black bears
  3 boggarts (D:14)
  4 ogres
  3 laughing skulls
  9 wolves
  7 centaurs
  Blork the orc (D:5)
  2 kobold brigands (D:7)
  9 bullfrogs
  A brain worm (D:11)
  4 scorpions
  A burial acolyte (D:8)
  15 wights
  A lindwurm simulacrum (IceCv)
  Dowan (D:6)
  7 killer bees
  4 electric eels
  2 howler monkeys
  5 bombardier beetles
  2 komodo dragon simulacra (IceCv)
  2 hounds
  A jelly (D:6)
  Crazy Yiuf (D:3)
  10 orc priests
  2 sleepcaps
  2 iguanas
  Natasha (thrice) (D:3)
  15 orc wizards
  A boggart zombie (D:13)
  6 adders
  3 acid dragon simulacra (IceCv)
  A white imp (D:7)
  2 ufetubi (D:6)
  4 steam dragon simulacra (IceCv)
  2 adder zombies (D:8)
  A ribbon worm (D:3)
  37 orcs
  4 endoplasms
  2 giant cockroaches
  4 hobgoblins
  5 jackals
  12 kobolds
  4 quokkas
  8 ball pythons
  3 bats
  6 goblins
  2 rats
453 creatures vanquished.

Vanquished Creatures (collateral kills)
  An ice dragon (IceCv)
  A hydra (Lair:5)
  3 catoblepae
  A vault guard (D:13)
  2 boulder beetles
  A deep troll shaman (Lair:5)
  3 centaur warriors
  3 two-headed ogres
  An orc high priest (Orc:2)
  3 death yaks
  A deep elf knight (D:13)
  Nergalle (Lair:2)
  9 skeletal warriors
  6 ugly things
  A cyclops (D:11)
  A wolf spider zombie (D:13)
  A manticore (D:15)
  4 centaur zombies (D:13)
  15 elephants
  3 kobold blastminers
  2 gargoyles
  5 cane toads
  2 rime drakes (IceCv)
  4 komodo dragons
  A yaktaur (D:15)
  A troll (Orc:1)
  2 polar bears
  3 blink frogs
  4 wraiths
  A centaur simulacrum (D:14)
  6 slime creatures
  30 yaks
  Grum (D:11)
  4 vampire mosquitoes
  3 basilisks
  A naga (Lair:3)
  An acid dragon (D:11)
  5 water moccasins
  2 sky beasts (D:7)
  15 orc warriors
  2 black bears
  5 wolves
  A laughing skull (D:11)
  7 centaurs
  3 ogres
  A kobold brigand (D:9)
  6 bullfrogs
  3 wights
  2 lindwurm simulacra (IceCv)
  10 killer bees
  7 howler monkeys
  2 komodo dragon simulacra (IceCv)
  5 jellies
  3 orc priests
  11 orc wizards
  4 acid dragon simulacra (IceCv)
  3 steam dragon simulacra (IceCv)
  An adder zombie (D:8)
  28 orcs
  8 kobolds
  2 butterflies (D:7)
268 creatures vanquished.

Vanquished Creatures (others)
  A ghoul (D:1)
  A demonspawn (D:1)
  A draconian (D:1)
  A vine stalker (D:1)
  A spriggan (D:1)
  A human (D:1)
  2 nagas (D:1)
  2 demigods (D:1)
  An oni (D:1)
  An orc priest (Orc:2)
  33 battlemagi
  2 ancestors (D:7)
  3 mummies (D:1)
  An orc (Orc:1)
  A kobold (D:1)
  5 tentacles (D:1)
57 creatures vanquished.

Grand Total: 778 creatures vanquished

Notes
Turn   | Place    | Note
-------+----------+-------------------------------------------
     0 | D:1      | cdecastro the Armataur Warper began the quest for the Orb.
     0 | D:1      | Reached XP level 1. HP: 17/17 MP: 3/3
     2 | D:1      | Noticed a spriggan
     2 | D:1      | Noticed a ghoul
     2 | D:1      | Noticed an oni
     2 | D:1      | Noticed a human
     2 | D:1      | Noticed a naga
     2 | D:1      | Noticed a demigod
     2 | D:1      | Noticed a demigod
     2 | D:1      | Noticed a kraken
     2 | D:1      | Noticed a demonspawn
     2 | D:1      | Noticed a naga
     2 | D:1      | Noticed a vine stalker
     2 | D:1      | Noticed a draconian
     3 | D:1      | Killed a human
     5 | D:1      | Killed a spriggan
    10 | D:1      | Killed a naga
    12 | D:1      | Killed a ghoul
    12 | D:1      | Killed a demigod
    12 | D:1      | Killed an oni
    13 | D:1      | Killed a demigod
    15 | D:1      | Killed a draconian
    17 | D:1      | Killed a naga
    18 | D:1      | Killed a demonspawn
    19 | D:1      | Killed a vine stalker
  1054 | D:2      | Reached XP level 2. HP: 24/24 MP: 4/4
  1334 | D:2      | Reached XP level 3. HP: 29/29 MP: 5/5
  2260 | D:3      | Noticed Natasha
  2261 | D:3      | Identified the +4 dagger of Custuari {heavy, Dex+2}
  2277 | D:3      | Found a runed translucent door.
  2278 | D:3      | Noticed Crazy Yiuf
  2435 | D:3      | Reached XP level 4. HP: 31/36 MP: 6/6
  2525 | D:3      | Killed Natasha
  2636 | D:3      | Noticed Natasha
  2643 | D:3      | Killed Natasha
  2652 | D:3      | Noticed Natasha
  2670 | D:3      | Killed Natasha
  2671 | D:3      | Reached XP level 5. HP: 9/41 MP: 1/7
  3168 | D:4      | Reached skill level 5 in Maces & Flails
  3334 | D:4      | Noticed a black bear
  3542 | D:4      | Reached XP level 6. HP: 27/48 MP: 4/8
  3940 | D:5      | Entered Level 5 of the Dungeon
  4126 | D:5      | Noticed Blork the orc
  4138 | D:5      | Killed Blork the orc
  4229 | D:5      | Noticed Grinder
  4230 | D:5      | Noticed an orc warrior
  4369 | D:5      | Found a glowing silver altar of Zin.
  4371 | D:5      | Found a radiant altar of Vehumet.
  4384 | D:5      | Gained mutation: You regenerate magic and health when
                  | rolling toward enemies. (Rampage Regen) [Armataur growth]
  4384 | D:5      | Reached XP level 7. HP: 52/53 MP: 9/9
  4384 | D:5      | Found a hazy altar of Hepliaklqana.
  4472 | D:5      | Became a worshipper of Hepliaklqana the Forgotten
  4634 | D:5      | Paralysed by Grinder for 4 turns
  4645 | D:5      | Killed Grinder
  4997 | D:5      | Reached XP level 8. HP: 55/60 MP: 7/10
  5158 | D:5      | Found Cenkeul's Gadget Gallery.
  5331 | D:6      | Noticed Duvessa
  5331 | D:6      | Noticed Dowan
  5361 | D:6      | Killed Duvessa
  5417 | D:6      | Killed Dowan
  5552 | D:6      | Noticed Prince Ribbit
  5928 | D:6      | Killed Prince Ribbit
  5929 | D:6      | Reached skill level 10 in Maces & Flails
  6102 | D:6      | Found Foczobeg's Distillery.
  6106 | D:6      | Bought a potion of might for 44 gold pieces
  6106 | D:6      | Bought a potion of resistance for 110 gold pieces
  6302 | D:6      | Reached XP level 9. HP: 46/67 MP: 11/11
  6772 | D:7      | Reached * piety under Hepliaklqana
  6977 | D:7      | Identified the staff "Giantbane" {rN+ Dex-4 SInv Stlth+
                  | Necro Tloc}
  7073 | D:7      | Paralysed by a hornet for 2 turns
  7078 | D:7      | Paralysed by a hornet for 1 turns
  7087 | D:7      | HP: 3/60 [poisoned by a hornet]
  7722 | D:7      | Found a staircase to the Ecumenical Temple.
  7917 | D:7      | Reached ** piety under Hepliaklqana
  7939 | D:7      | Remembered your ancestor Amurritum as a battlemage
  8636 | D:7      | Reached XP level 10. HP: 44/65 MP: 7/12
  8968 | Temple   | Entered the Ecumenical Temple
  9422 | D:8      | Found a white marble altar of Elyvilon.
  9527 | D:8      | Noticed a two-headed ogre
  9540 | D:8      | Killed a two-headed ogre
  9736 | D:8      | Found a basalt altar of Yredelemnul.
 10047 | D:8      | Found an ancient bone altar of Kikubaaqudgha.
 10513 | D:9      | Reached *** piety under Hepliaklqana
 10586 | D:9      | Noticed Harold
 10706 | D:9      | Killed Harold
 10988 | D:9      | Noticed a boulder beetle
 11002 | D:9      | Killed a boulder beetle
 11330 | D:10     | Entered Level 10 of the Dungeon
 11344 | D:9      | Reached XP level 11. HP: 75/82 MP: 9/13
 11496 | D:10     | Noticed a two-headed ogre
 11506 | D:10     | Killed a two-headed ogre
 12036 | D:10     | Found Raor's Changing Room.
 12044 | D:10     | Bought a potion of lignification for 36 gold pieces
 12182 | D:10     | Reached **** piety under Hepliaklqana
 12650 | D:10     | Paralysed by a hornet for 1 turns
 13060 | D:11     | Noticed a five-headed hydra
 13279 | D:11     | Reached skill level 10 in Fighting
 13675 | D:11     | Killed a five-headed hydra
 13930 | D:11     | Found a viscous altar of Jiyva.
 14149 | D:11     | Noticed Grum
 14154 | D:11     | Killed Grum
 14264 | D:11     | Noticed a two-headed ogre
 14281 | D:11     | Killed a two-headed ogre
 14402 | D:11     | Noticed a deep elf pyromancer
 14411 | D:11     | Killed a deep elf pyromancer
 14412 | D:11     | Reached XP level 12. HP: 44/99 MP: 9/14
 14776 | D:11     | Noticed Erolcha
 14952 | D:11     | Erolcha changed into Erolcha the brain worm
 14952 | D:11     | Noticed Erolcha
 14956 | D:11     | Killed Erolcha the brain worm
 15037 | D:11     | Noticed a boulder beetle
 15053 | D:11     | Killed a boulder beetle
 15543 | D:11     | Found a staircase to the Lair.
 15873 | D:12     | Found a staircase to the Orcish Mines.
 15873 | D:12     | Noticed a two-headed ogre
 16638 | D:12     | Killed a two-headed ogre
 16973 | D:12     | Reached ***** piety under Hepliaklqana
 17075 | D:13     | Noticed a boulder beetle
 17076 | D:13     | Noticed a centaur warrior
 17196 | D:12     | Reached skill level 1 in Invocations
 17774 | D:12     | Killed a centaur warrior
 18465 | D:13     | Reached skill level 5 in Invocations
 18640 | D:12     | Reached XP level 13. HP: 33/111 MP: 6/17
 20347 | D:12     | Reached skill level 5 in Armour
 22033 | D:13     | Found a gate to the Vaults.
 22920 | D:13     | HP: 4/111 [skeletal warrior/+1 scimitar of electrocution
                  | (13)]
 23714 | D:13     | Reached skill level 10 in Armour
 23847 | D:14     | Reached XP level 14. HP: 86/118 MP: 12/21
 23973 | D:14     | Found an ornate altar of the Wu Jian Council.
 24127 | D:14     | Found a runed translucent gate.
 24127 | D:14     | Identified the +0 lajatang of Awkwardness {drain, rPois
                  | rN++ Str+2 Stlth-}
 24154 | D:14     | Found a runed translucent gate.
 24155 | D:14     | Found a runed translucent gate.
 24156 | D:14     | Noticed Qymaymp's ghost (adept GrEE)
 24156 | D:14     | Identified the +2 leather armour of Hopscotch {+Blink rN++
                  | Dex+3}
 24371 | Orc:1    | Entered Level 1 of the Orcish Mines
 25082 | Orc:2    | Entered Level 2 of the Orcish Mines
 25518 | Orc:2    | Found a staircase to the Elven Halls.
 25579 | Orc:2    | Noticed Josephine
 25588 | Orc:2    | Killed Josephine
 25589 | Orc:2    | Reached skill level 10 in Invocations
 25692 | Orc:2    | Found Heretis's Antique Armour Shoppe.
 25741 | Orc:2    | Found Utheebye's Book Shop.
 25947 | Orc:2    | Noticed an orc warlord
 26233 | Orc:2    | Reached skill level 1 in Evocations
 26307 | Orc:2    | Reached skill level 2 in Evocations
 26352 | Orc:2    | Found Doerr's General Store.
 26370 | Orc:2    | Noticed Rupert
 26467 | Lair:1   | Entered Level 1 of the Lair of Beasts
 26516 | Lair:1   | Reached skill level 3 in Evocations
 26518 | Lair:1   | Noticed Amaemon
 26927 | Lair:1   | Reached skill level 4 in Evocations
 26937 | D:11     | Killed Amaemon
 27275 | Lair:1   | Reached skill level 5 in Evocations
 27559 | Lair:1   | Reached skill level 6 in Evocations
 28264 | Lair:2   | Found a frozen archway.
 28280 | IceCv    | Entered an ice cave
 28319 | IceCv    | Reached skill level 7 in Evocations
 29429 | IceCv    | Identified the ring of Eternal Harmony {Will+ Int+4 Dex+3}
 29530 | IceCv    | Found the ring of Shadows {Umbra +Inv Stlth+}
 29800 | IceCv    | Identified the ring "Guel" {rPois rCorr Int-2 Dex+6}
 29913 | Lair:2   | Reached skill level 8 in Evocations
 30232 | Lair:2   | Identified 2 scrolls of acquirement
 30367 | Lair:2   | Noticed Nergalle
 30377 | Lair:2   | Killed Nergalle
 30504 | Lair:2   | Found a staircase to the Shoals.
 30638 | Lair:3   | Found a staircase to the Snake Pit.
 30693 | Lair:3   | Reached skill level 9 in Evocations
 31146 | Lair:3   | Reached XP level 15. HP: 118/124 MP: 20/22
 31877 | Lair:3   | Reached ****** piety under Hepliaklqana
 32304 | Lair:4   | Reached skill level 10 in Evocations
 33103 | Lair:4   | Found a viscous altar of Jiyva.
 33104 | Lair:4   | Found a staircase to the Slime Pits.
 33251 | Lair:4   | Reached skill level 11 in Evocations
 33597 | Lair:4   | Reached skill level 12 in Evocations
 34064 | Lair:5   | Entered Level 5 of the Lair of Beasts
 34778 | Lair:5   | Reached skill level 13 in Evocations
 35415 | Lair:5   | Reached skill level 14 in Evocations
 36038 | Lair:5   | Got the Grimoire of Reagents
 36043 | Lair:5   | Identified the +0 chain mail of Fun and Games {*Slow +Inv
                  | rF- Str+8}
 36214 | Lair:5   | Acquired the +0 helmet "Ecsommin" {rCorr}
 36231 | Lair:5   | Acquired 954 gold pieces
 36233 | Lair:5   | Acquired a manual of Maces & Flails
 36535 | D:3      | Killed Crazy Yiuf
 37282 | D:14     | Found an iron altar of Okawaru.
 37307 | D:15     | Entered Level 15 of the Dungeon
 37605 | D:15     | Reached XP level 16. HP: 125/131 MP: 20/23
 37882 | D:15     | Reached skill level 15 in Evocations
 38371 | D:15     | Noticed Agnes
 38658 | D:15     | Slain by Agnes

Illustrated notes

Levels and vault maps discovered:
D:1:      nicolae_arrival_kraken_aquarium_b, layout_loops_corners
D:2:      layout_loops_ring
D:3:      layout_basic, amcnicky_mini_rare_corridor_liquid, uniq_natasha,
          uniq_crazy_yiuf_cottage
D:4:      layout_rooms, minivault_27
D:5:      layout_basic, grunt_temple_overflow_open, nicolae_shop_gadgets,
          uniq_grinder, uniq_blork_the_orc
D:6:      layout_basic, serial_shops, nicolae_shop_back_alley_shop,
          uniq_duvessa, uniq_prince_ribbit1
D:7:      minmay_thinvault, layout_gridville, minmay_temple_entry_butterflies,
          nrook_mini_backslash, kennysheep_generic_room_13
D:8:      layout_rooms, kennysheep_ying_yang, lemuel_zombie_altar_kikubaaqudgha
D:9:      layout_irregular_city, kb_lookout_dungeons_type, nzn_sisyphean_effort,
          uniq_harold
D:10:     layout_gridville, nicolae_transmutations_shop
D:11:     hangedman_cross_stitches, layout_layer_cave,
          grunt_lair_entry_orc_guard_hut, jiyva_altar_1, uniq_erolcha, uniq_grum
D:12:     layout_loops_ring, david_orc_3, eino_jars
D:13:     layout_rooms, grunt_vaults_entry_fortified, serial_undead,
          serial_undead_d, serial_undead_b, serial_undead_d, serial_undead_e,
          serial_undead_c, serial_undead_d, serial_undead_e
D:14:     layout_rooms, gammafunk_ghost_fury_of_okawaru,
          nicolae_wu_jian_immortal_techniques
D:15:     hellmonk_depths_entry_around_the_bend, layout_stronghold,
          minmay_tree_intersection, eino_small_chamber_without_monster,
          uniq_nessos, uniq_agnes
Temple:   regret_index_temple_sphere_string
Lair:1:   layout_cave_pods, grunt_forest_stairs_basic, uniq_amaemon
Lair:2:   layout_big_grid, mainiacjoe_shoals_entry_four_pools,
          portal_ice_cave_entry_pillars_2, serial_bayou_lake_a, uniq_nergalle
Lair:3:   layout_cave_pods, guppyfry_snake_entry_island
Lair:4:   layout_misc_corridors, minmay_slime_entry_pillars,
          nicolae_lair_grazing_beasts [nicolae_sub_lair_graze_edge,
          nicolae_sub_lair_graze_edge, nicolae_sub_lair_graze_edge,
          nicolae_sub_lair_graze_edge], lemuel_fruit_tree, grunt_megastairs_2,
          serial_bayou_shore_b
Lair:5:   grunt_lair_end_beastmaster, layout_layer_cave, serial_bayou_pond_c
Orc:1:    layout_caves
Orc:2:    grunt_orc_gardens, layout_caves, grunt_orc_garden, grunt_orc_garden,
          grunt_orc_garden, grunt_orc_garden, uniq_josephine, uniq_rupert

Skill      XL: |  1  2  3  4  5  6  7  8  9 10 11 12 13 14 15 16 |
---------------+-------------------------------------------------+-----
Maces & Flails | 2 3 4 6 7 8 10 13 14 | 14.8
Fighting       | 7 11 14 | 14.0
Invocations    | 5 9 10 | 10.0
Armour         | 10 12 | 12.1
Evocations     | 9 14 15 | 15.0
Throwing       | |  0.8
Dodging        | |  1.3
Spellcasting   | |  1.7
Translocations | |  3.0

Action                     |  1- 3 |  4- 6 |  7- 9 | 10-12 | 13-15 | 16-18 || total
---------------------------+-------+-------+-------+-------+-------+-------++-------
  Melee: Mace              |    69 |   126 |   228 |       |       |       ||   423
         Tailslap          |     2 |     8 |    35 |    80 |   282 |    11 ||   418
         Punch             |     1 |       |     5 |     8 |    22 |       ||    36
         Unarmed           |       |     3 |       |       |       |       ||     3
         Flail             |       |       |   118 |   503 |  1108 |    63 ||  1792
         Demon whip        |       |       |       |       |   167 |       ||   167
   Fire: Sling             |    53 |       |       |       |       |       ||    53
  Throw: Dart              |       |       |     7 |    11 |    33 |       ||    51
         Boomerang         |       |       |       |       |     1 |       ||     1
 Invoke: Recall Ancestor   |       |       |     4 |    22 |    55 |     1 ||    82
         Ancestor Life: Ba |       |       |     1 |       |       |       ||     1
         Transference      |       |       |       |       |     4 |       ||     4
         Idealise          |       |       |       |       |       |     1 ||     1
  Evoke: Wand              |       |     1 |       |     1 |    29 |       ||    31
    Use: Potion            |     1 |     1 |     3 |     1 |     2 |       ||     8
         Scroll            |       |       |     7 |     8 |    16 |     3 ||    34
   Stab: Distracted        |       |       |     1 |     7 |    19 |     2 ||    29
         Fleeing           |       |       |       |     1 |       |       ||     1
         Invisible         |       |       |       |       |     7 |       ||     7
 Armour: Leather armour    |    85 |    97 |       |       |       |       ||   182
         Skin              |       |     1 |       |       |       |       ||     1
         Plate armour      |       |    20 |   408 |   841 |  1370 |    65 ||  2704
  Dodge: Dodged            |    44 |    39 |    72 |   105 |   289 |    21 ||   570
